 Dungeon Crawl Stone Soup version 0.30.0-29-ga12c61a403 (webtiles) character file.

Game seed: 8201412915138209771

1553 qw the Cleaver (level 8, -6/52 HPs)
             Began as a Gargoyle Fighter on June 6, 2023.
             Was an Initiate of Okawaru.
             Mangled by Duvessa
             ... wielding a +0 short sword
              (15 damage)
             ... on level 5 of the Dungeon.
             The game lasted 00:02:22 (5422 turns).

qw the Cleaver (Gargoyle Fighter)                   Turns: 5422, Time: 00:02:23

Health: -6/52      AC: 15    Str: 26      XL:     8   Next: 88%
Magic:  8/8        EV: 10    Int:  8      God:    Okawaru [......]
Gold:   296        SH:  4    Dex:  6 (8)  Spells: 7/7 levels left

rFire   + . .        Y - +1 war axe
rCold   + . .        c - +0 buckler
rNeg    + . .        b - +0 scale mail
rPois   inf          (no helmet)
rElec   +            (no cloak)
rCorr   .            o - +2 pair of gloves
SInv    .            (no boots)
Will    .....        (no amulet) Stlth
                     q - ring of protection from cold
HPRegen 0.28/turn    i - ring of protection from fire
MPRegen 0.11/turn

%: no passive effects
@: no status effects
A: sickness immunity, AC +5, negative energy resistance 1, electricity
resistance, torment resistance 1, petrification resistance, strong 1, noise
suppression
a: Renounce Religion


You were on level 5 of the Dungeon.
You worshipped Okawaru.
Okawaru was noncommittal.
You visited 2 branches of the dungeon, and saw 6 of its levels.
You also visited: Ossuary.

You collected 354 gold pieces.
You spent 58 gold pieces at shops.


Innate Abilities, Weirdness & Mutations

You are immune to sickness and miasma.
Your stone body is resilient. (AC +5)
You are immune to poison.
You resist negative energy. (rN+)
You are resistant to electric shocks. (rElec)
You are resistant to unholy torment.
You are immune to petrification.
Your muscles are strong. (Str +4, Int/Dex -1)
You passively dampen the noise of your surroundings.


   Skills:
 - Level 6.4 Fighting
 + Level 8.6 Axes
 - Level 3.2 Armour
 - Level 2.0 Dodging
 - Level 3.2 Shields


You had 7 spell levels left.
You didn't know any spells.
Your spell library was empty.

Inventory:

Hand Weapons
 e - a +2 morningstar of freezing
 Y - a +1 war axe (weapon)
Armour
 b - a +0 scale mail (worn)
 c - a +0 buckler (worn)
 o - a +2 pair of gloves (worn)
 u - the +2 cloak "Memethreit" {Fly}
   (You found it on level 5 of the Dungeon)

   Fly:       It grants you flight.
Jewellery
 i - a ring of protection from fire (right hand)
 m - a ring of fire
 q - a ring of protection from cold (left hand)
Scrolls
 a - a scroll of enchant armour
 j - a scroll of teleportation
 l - 2 scrolls of identify
Potions
 d - a potion of might
 g - a potion of curing
 h - a potion of attraction
 k - 2 potions of mutation
 n - a potion of haste
 p - a potion of lignification
 r - a potion of magic {unknown}
 s - a potion of cancellation
 t - a potion of experience {unknown}

Dungeon Overview and Level Annotations

Branches:
Dungeon (5/15)             Temple (1/1) D:5         Ossuary (visited)

Altars:
Cheibriados
Dithmenos
Elyvilon
Fedhas
Gozag
Hepliaklqana
Kikubaaqudgha
Makhleb
Nemelex Xobeh
Okawaru
Qazlal
Ru
Sif Muna
Trog
Uskayaw
Vehumet
Wu Jian
Xom
Yredelemnul
Zin
The Shining One

Shops:
D:2 [:((*   D:3 (

Annotations:
D:5 Duvessa


Message History

The gnoll is heavily wounded.
Your attacks no longer feel as feeble.
Duvessa rages.
You block the gnoll's attack.
You barely miss the gnoll.
The gnoll is heavily wounded.
The gnoll barely misses you.
You hit the gnoll but do no damage.
The gnoll is heavily wounded.
The gnoll is no longer moving quickly.
The gnoll hits you but does no damage.
You slice the gnoll!!
You kill the gnoll!
Okawaru accepts your kill.
Duvessa rages.
Duvessa hits you with a +0 short sword!
You barely miss Duvessa.
Duvessa is moderately wounded.
Duvessa closely misses you. Duvessa hits you with a +0 short sword.
You barely miss Duvessa.
Duvessa is moderately wounded.
Duvessa barely misses you.
You slash Duvessa!
Duvessa is moderately wounded.
Duvessa hits you with a +0 short sword! Duvessa hits you but does no damage.
You hit Duvessa but do no damage.
Duvessa is moderately wounded.
Duvessa hits you but does no damage. Duvessa hits you with a +0 short sword.
You completely miss Duvessa.
Duvessa is moderately wounded.
Duvessa hits you with a +0 short sword! You block Duvessa's attack.
You closely miss Duvessa.
Duvessa is moderately wounded.
You block Duvessa's attack.
You hit Duvessa.
Duvessa is heavily wounded.
You block Duvessa's attack. Duvessa hits you but does no damage.
You hit Duvessa.
Duvessa is heavily wounded.
Duvessa hits you with a +0 short sword! x2
You die...

####...#..#..~..#. #.#
#.........#~.~.~#.# ###.#
#.##...#.##~.~.~#.# #...#
#.###.##.##~...~#.# #)### #.#
#.##.##.._..#.# #.# #.# #.##..#
#####.##########.# #.# #.##..#
#...#J...........#### #.# #.#...#
#.#.#e# #######...... #.#
#.....###...@)# #..#### #.#
#.............#########.%.... #.#
##....###....................
#.#####.#.###.#.#.#########.#####
#..)%.........#.#.## #.#
#######.#..........# #.#
#.##########.# ##)# #.# #.# #..#
#.# #.# #..#


You could see Duvessa (berserk) and a jelly.

Vanquished Creatures
  Sigmund (D:2)
  2 wraiths (Ossuary)
  An ice beast (D:5)
  2 black bears (D:4)
  2 ogres
  A scorpion (D:4)
  3 wights (Ossuary)
  Dowan (D:5)
  A howler monkey (D:4)
  A gnoll bouda (D:5)
  A hound (D:5)
  2 jellies (D:4)
  An iguana (D:5)
  8 gnolls
  6 adders
  A worm (D:4)
  A dart slug (D:2)
  4 orcs
  8 bats
  3 endoplasms
  3 giant cockroaches
  5 goblins
  3 hobgoblins
  4 jackals (D:4)
  3 quokkas
  4 ball pythons
  A ball python skeleton (Ossuary)
  A frilled lizard (D:1)
  2 hobgoblin skeletons (Ossuary)
  2 hobgoblin zombies (Ossuary)
  3 kobolds
  2 kobold zombies (Ossuary)
  2 orc zombies (Ossuary)
  13 rats
98 creatures vanquished.

Notes
Turn   | Place    | Note
-------+----------+-------------------------------------------
     0 | D:1      | qw the Gargoyle Fighter began the quest for the Orb.
     0 | D:1      | Reached XP level 1. HP: 14/14 MP: 1/1
     0 | D:1      | 0 ||| qw: Version: 0.2-a-108-gee2c290
     0 | D:1      | 0 ||| qw: Game counter: 1519
     0 | D:1      | 0 ||| qw: Always use a shield: true
     0 | D:1      | 0 ||| qw: God list: Okawaru
     0 | D:1      | 0 ||| qw: Allow faded altars: false
     0 | D:1      | 0 ||| qw: Do Orc after D:15 true
     0 | D:1      | 0 ||| qw: Do second Lair branch before Depths: true
     0 | D:1      | 0 ||| qw: Lair rune preference: random
     0 | D:1      | 0 ||| qw: Plans: Normal, Zot:1-4, Slime:5, God:TSO, Crypt,
                  | Tomb, Abyss, Pan, Hells, Win
     0 | D:1      | 0 ||| PLANNING D:1-11
   102 | D:1      | Reached skill level 2 in Axes
   216 | D:1      | Reached XP level 2. HP: 19/19 MP: 2/2
   331 | D:1      | Reached skill level 3 in Axes
   494 | D:1      | Reached XP level 3. HP: 23/23 MP: 3/3
   692 | D:1      | 692 ||| READING scroll labelled DOAFIT QUEV.
   879 | D:2      | Found Ronn's Book Boutique.
   892 | D:2      | Found Tuxt's Weapon Shoppe.
   897 | D:2      | 897 ||| BUYING +0 whip (32 gold).
   897 | D:2      | Bought a +0 whip for 32 gold pieces
   897 | D:2      | 897 ||| SHOPLISTING +2 heavy morningstar (249 gold, have
                  | 52).
   897 | D:2      | 897 ||| SHOPLISTING +7 mace "Luleusie" {flame, Int+2} (670
                  | gold, have 52).
   933 | D:2      | Found Okki's Antique Armour Boutique.
   941 | D:2      | 941 ||| SHOPLISTING chain mail (130 gold, have 52).
   941 | D:2      | 941 ||| SHOPLISTING dyed leather armour (145 gold, have
                  | 52).
   941 | D:2      | 941 ||| SHOPLISTING pair of embroidered boots (217 gold,
                  | have 52).
   941 | D:2      | 941 ||| SHOPLISTING plate armour (667 gold, have 52).
   941 | D:2      | 941 ||| SHOPLISTING runed cloak (217 gold, have 52).
   941 | D:2      | 941 ||| SHOPLISTING runed scale mail (203 gold, have 52).
  1086 | D:2      | Noticed Sigmund
  1087 | D:2      | 1087 ||| Stepping ~*~*~tactically~*~*~ (hiding).
  1088 | D:2      | 1088 ||| Stepping ~*~*~tactically~*~*~ (hiding).
  1103 | D:2      | HP: 3/23 [something (6)]
  1105 | D:2      | Killed Sigmund
  1106 | D:2      | Reached skill level 5 in Axes
  1106 | D:2      | Reached XP level 4. HP: 5/28 MP: 4/4
  1106 | D:2      | Reached XP level 5. HP: 6/32 MP: 5/5
  1350 | D:2      | Found Xoen's Weapon Shoppe.
  1386 | D:2      | Found Ycliuj's Assorted Antiques.
  1392 | D:2      | 1392 ||| SHOPLISTING glowing ring mail (182 gold, have 52).
  1392 | D:2      | 1392 ||| SHOPLISTING pair of boots (117 gold, have 52).
  1392 | D:2      | 1392 ||| BUYING scroll labelled NOLELAF VUSTA (26 gold).
  1392 | D:2      | Bought a scroll labelled NOLELAF VUSTA for 26 gold pieces
  1556 | D:2      | 1556 ||| READING scroll labelled MUCZOFIWUM.
  1557 | D:2      | 1557 ||| READING scroll labelled ATHREO CIUZUTH.
  1558 | D:2      | 1558 ||| READING scroll labelled BAUTHR DOUXT.
  1659 | D:2      | 1659 ||| READING scroll labelled NOLELAF VUSTA.
  1846 | D:3      | Found Jiwaetit's Weapon Shoppe.
  1857 | D:3      | 1857 ||| SHOPLISTING +6 mace of Infection {spect, Fly rC+
                  | Dex+5} (769 gold, have 70).
  1947 | D:3      | Reached XP level 6. HP: 38/38 MP: 6/6
  2224 | D:3      | 2224 ||| UPGRADING to +0 pair of gloves.
  2229 | D:3      | 2229 ||| READING scroll labelled FUSAF DAUFEYXY.
  2230 | D:3      | 2230 ||| READING scroll labelled VIACERCHEIDA.
  2231 | D:3      | 2231 ||| DRINKING 2 white potions.
  2239 | D:4      | 2239 ||| PLANNING OSSUARY
  2316 | D:4      | 2316 ||| READING scroll of enchant armour.
  2316 | D:4      | 2316 ||| ENCHANTING +0 pair of gloves.
  2364 | D:4      | Noticed a black bear
  2374 | D:4      | Killed a black bear
  2483 | D:4      | Reached XP level 7. HP: 40/43 MP: 7/7
  2552 | D:4      | 2552 ||| Stepping ~*~*~tactically~*~*~ (stealth).
  2555 | D:4      | 2555 ||| Stepping ~*~*~tactically~*~*~ (stealth).
  2562 | D:4      | 2562 ||| Stepping ~*~*~tactically~*~*~ (stealth).
  2663 | D:4      | Reached skill level 6 in Axes
  2756 | D:4      | Found a sand-covered staircase.
  2757 | D:4      | 2757 ||| UPGRADING to ring of protection from cold.
  2758 | D:4      | 2758 ||| READING scroll labelled XIKHLE WEGA.
  2759 | D:4      | 2759 ||| DRINKING 3 fuming emerald potions.
  2760 | D:4      | 2760 ||| DROPPING 2 potions of brilliance.
  2768 | Ossuary  | Entered an ossuary
  2953 | Ossuary  | Noticed a wraith
  2953 | Ossuary  | Noticed a flying skull
  2962 | Ossuary  | Noticed a flying skull
  2998 | Ossuary  | Noticed a flying skull
  3007 | Ossuary  | 3007 ||| DROPPING +0 whip.
  3029 | Ossuary  | HP: 7/43 [wight/+2 morningstar of freezing (5)]
  3170 | Ossuary  | 3170 ||| DROPPING +1 mace.
  3182 | Ossuary  | Noticed a wraith
  3186 | Ossuary  | Killed a wraith
  3187 | Ossuary  | Reached skill level 7 in Axes
  3221 | Ossuary  | Noticed a wraith
  3235 | Ossuary  | Killed a wraith
  3236 | Ossuary  | Reached XP level 8. HP: 25/49 MP: 8/8
  3309 | Ossuary  | 3309 ||| READING scroll labelled GAUFUSSEAPN.
  3312 | Ossuary  | 3312 ||| DRINKING 2 inky potions.
  3313 | Ossuary  | 3313 ||| DRINKING 2 silvery potions.
  3314 | Ossuary  | 3314 ||| DRINKING 2 ruby potions.
  3315 | Ossuary  | 3315 ||| DRINKING 3 lumpy blue potions.
  3315 | Ossuary  | Gained mutation: Your muscles are strong. (Str +4, Int/Dex
                  | -1) [potion of mutation]
  3315 | Ossuary  | Gained mutation: You passively dampen the noise of your
                  | surroundings. [potion of mutation]
  3316 | Ossuary  | 3316 ||| DRINKING 2 bubbling golden potions.
  3352 | Ossuary  | 3352 ||| DRINKING 2 bubbling inky potions.
  3353 | Ossuary  | 3353 ||| DROPPING potion of degeneration.
  3354 | Ossuary  | 3354 ||| DROPPING potion of flight.
  3407 | D:4      | 3407 ||| PLANNING D:1-11
  3425 | D:4      | 3425 ||| READING 2 scrolls of enchant armour.
  3425 | D:4      | 3425 ||| ENCHANTING +1 pair of gloves.
  3586 | D:4      | 3586 ||| Stepping ~*~*~tactically~*~*~ (stealth).
  3691 | D:4      | 3691 ||| Stepping ~*~*~tactically~*~*~ (hiding).
  3841 | D:4      | Found a hazy altar of Hepliaklqana.
  3885 | D:4      | 3885 ||| Stepping ~*~*~tactically~*~*~ (stealth).
  3886 | D:4      | 3886 ||| Stepping ~*~*~tactically~*~*~ (stealth).
  3930 | D:4      | Reached skill level 8 in Axes
  4005 | D:4      | 4005 ||| UPGRADING to ring of protection from fire.
  4006 | D:4      | 4006 ||| DRINKING 2 coppery potions.
  4007 | D:4      | 4007 ||| READING 2 scrolls of identify.
  4007 | D:4      | 4007 ||| IDENTIFYING cyan potion
  4008 | D:4      | 4008 ||| DROPPING potion of berserk rage.
  4055 | D:5      | Entered Level 5 of the Dungeon
  4239 | D:5      | Found a staircase to the Ecumenical Temple.
  4240 | D:5      | 4240 ||| PLANNING TEMPLE
  4240 | D:5      | 4240 ||| READING scroll labelled NAREUM IZISIYG.
  4241 | D:5      | 4241 ||| READING 2 scrolls of identify.
  4241 | D:5      | 4241 ||| IDENTIFYING metallic black potion
  4250 | Temple   | Entered the Ecumenical Temple
  4278 | Temple   | 4278 ||| PLANNING OKAWARU WORSHIP
  4769 | Temple   | Became a worshipper of Warmaster Okawaru
  4769 | Temple   | 4769 ||| PLANNING D:1-11
  4883 | D:5      | Identified the +2 cloak "Memethreit" {Fly}
  4937 | D:5      | Reached skill level 6 in Fighting
  5038 | D:5      | Found a hide-covered altar of Uskayaw.
  5070 | D:5      | Noticed Dowan
  5076 | D:5      | Killed Dowan
  5080 | D:5      | Noticed Duvessa
  5092 | D:5      | HP: 8/52 [Duvessa/+0 short sword (8)]
  5093 | D:5      | 5093 ||| READING 2 scrolls of teleportation.
  5093 | D:5      | HP: 3/52 [Duvessa/+0 short sword (5)]
  5094 | D:5      | 5094 ||| DRINKING 2 potions of heal wounds.
  5096 | D:5      | 5096 ||| DRINKING potion of heal wounds.
  5249 | D:5      | 5249 ||| Stepping ~*~*~tactically~*~*~ (hiding).
  5357 | D:5      | 5357 ||| Stepping ~*~*~tactically~*~*~ (hiding).
  5395 | D:5      | 5395 ||| Stepping ~*~*~tactically~*~*~ (hiding).
  5422 | D:5      | HP: 9/52 [Duvessa/+0 short sword (9)]
  5422 | D:5      | Mangled by Duvessa

Levels and vault maps discovered:
D:1:      matt_arrival_grand_opening, layout_loops_ring, minmay_rat_gold_closets
D:2:      layout_loops_ring, serial_shops, shop, shop, shop,
          nicolae_shop_hallway_plus, shop, uniq_sigmund
D:3:      layout_basic, serial_shops, nicolae_shop_bloodbath_and_beyond
D:4:      kennysheep_spiral_hall, layout_loops_ring,
          nicolae_hepliaklqana_hazy_memory, lightli_ossuary_entry_decrepit_ruins
D:5:      layout_loops_ring, nicolae_uskayaw_suspiria,
          minmay_temple_entry_overgrown, uniq_duvessa
Temple:   compressed_dpeg_triangle_lava_temple

Skill      XL: |  1  2  3  4  5  6  7  8 |
---------------+-------------------------+-----
Axes           | 2 3 5 7 8 |  8.6
Fighting       | 4 5 6 |  6.4
Dodging        | 2 |  2.0
Armour         | |  3.2
Shields        | |  3.2

Action                     |  1- 3 |  4- 6 |  7- 9 || total
---------------------------+-------+-------+-------++-------
  Melee: War axe           |    79 |    85 |   201 ||   365
    Use: Scroll            |     1 |     7 |     7 ||    15
         Potion            |       |     1 |    10 ||    11
 Armour: Scale mail        |    39 |    44 |    75 ||   158
  Dodge: Dodged            |    26 |    50 |    79 ||   155
  Block: Buckler           |     8 |    11 |    41 ||    60

Table legend:
 A = Non-vault XP
 B = Vault XP
 C = Vault XP percentage of total XP
 D = Non-vault monster count
 E = Vault monster count
 F = Vault count percentage of total count
                 A         B        C        D         E       F
            +---------+---------+-------+---------+---------+-------
      Total |    1198 |    1021 |  46.0 |      71 |      27 |  27.6
            +---------+---------+-------+---------+---------+-------
        D:1 |      36 |       7 |  16.3 |      15 |       7 |  31.8
        D:2 |      12 |     223 |  94.9 |       6 |       1 |  14.3
        D:3 |      53 |       0 |   0.0 |      12 |       0 |   0.0
        D:4 |     653 |      67 |   9.3 |      26 |       4 |  13.3
        D:5 |     444 |      67 |  13.1 |      12 |       1 |   7.7
    Ossuary |       0 |     657 | 100.0 |       0 |      14 | 100.0
            +---------+---------+-------+---------+---------+-------
